 Dungeon Crawl Stone Soup version 0.24-a0-368-g0e0cebd0f3 (webtiles) character file.

Game seed: 4898009605970849153

62689 Avack the Grappler (level 14, -3/131 HPs)
             Began as a Troll Ice Elementalist on May 29, 2019.
             Was a High Priest of Ashenzari.
             Slain by a jumping spider (9 damage)
             ... on level 2 of the Spider Nest.
             The game lasted 01:43:58 (27843 turns).

Avack the Grappler (Troll Ice Elementalist)        Turns: 27843, Time: 01:43:59

Health: -3/131     AC: 20    Str: 19    XL:     14   Next: 65%
Magic:  13/17      EV:  7    Int: 15    God:    Ashenzari [*****.]
Gold:   536        SH:  0    Dex: 13    Spells: 2/18 levels left

rFire    . . .     SeeInvis +     - Unarmed
rCold    + . .     Gourm    +   m - +4 large shield "Bolyq" {rC+ rN+ MR+ Dex+3} (curse)
rNeg     + . .     Faith    .   G - +3 robe of Clouds {+Thunder rCloud rElec} (curse)
rPois    +         Spirit   .   s - +2 hat {MR+}
rElec    +         Reflect  .   F - +2 cloak (curse)
rCorr    .         Harm     .   (gloves unavailable)
MR       +++..     Clarity  +   (boots unavailable)
Stlth    ++........             x - amulet of the acrobat (curse)
HPRegen  0.71/turn              j - ring of poison resistance
MPRegen  0.15/turn              H - ring of wizardry (curse)

@: icy armour, held
A: large, unfitting armour, claws 3, fast metabolism 3, gourmand, regeneration
1, shaggy fur 1, tough skin 3
a: Curse Item, Scrying, Transfer Knowledge, Renounce Religion, Evoke
Thunderclouds


You were on level 2 of the Spider Nest.
You worshipped Ashenzari.
Ashenzari was extremely pleased with you.
You were not hungry.

You visited 4 branches of the dungeon, and saw 22 of its levels.
You also visited: Gauntlet, Ice Cave and Volcano.

You collected 1854 gold pieces.
You spent 1318 gold pieces at shops.

Inventory:

Hand Weapons
 o - a +3 flail of draining
Missiles
 v - 72 poisoned darts
 w - 2 boomerangs of dispersal
 y - a throwing net
 T - 4 silver javelins
 X - a large rock (quivered)
Armour
 k - +0 swamp dragon scales
 m - the cursed +4 large shield "Bolyq" (worn) {rC+ rN+ MR+ Dex+3}
   (You bought it in a shop on level 7 of the Dungeon)

   It affects your dexterity (+3).
   It protects you from cold.
   It protects you from negative energy.
   It affects your resistance to hostile enchantments.
   It has a curse placed upon it.
 s - a +2 hat of magic resistance (worn)
 F - a cursed +2 cloak (worn)
 G - the cursed +3 robe of Clouds (worn) {+Thunder rCloud rElec}
   (You bought it in a shop on level 8 of the Dungeon)

   It insulates you from electricity.
   It has a curse placed upon it.
 L - a scarf of cloud immunity
Magical Staves
 a - an uncursed staff of wizardry
 b - an uncursed staff of energy
Jewellery
 j - a ring of poison resistance (left claw)
 n - an uncursed ring of fire
 q - an uncursed ring of positive energy
 x - a cursed amulet of the acrobat (around neck)
 H - a cursed ring of wizardry (right claw)
 P - an uncursed ring of protection from cold
Wands
 B - a wand of polymorph (21)
 D - a wand of flame (40)
 I - a wand of iceblast (11)
 M - a wand of enslavement (20)
 R - a wand of disintegration (13)
 W - a wand of scattershot (1)
 Y - a wand of random effects (13)
Scrolls
 e - 3 scrolls of magic mapping
 g - 4 scrolls of remove curse
 p - 2 scrolls of amnesia
 t - 6 scrolls of vulnerability
 E - 3 scrolls of enchant weapon
 N - a scroll of fog
 S - 2 scrolls of enchant armour
 U - 9 scrolls of identify
Potions
 d - 5 potions of magic
 h - 4 potions of agility
 i - 5 potions of mutation
 l - 2 potions of flight
 r - a potion of invisibility
 u - 2 potions of berserk rage
 z - 3 potions of brilliance
 A - 2 potions of might
 C - 5 potions of lignification
 J - a potion of haste
 K - 4 potions of ambrosia
 O - a potion of resistance
 Q - 2 potions of cancellation
Comestibles
 c - 36 rations


   Skills:
 - Level 6.4 Fighting
 - Level 2.7 Maces & Flails
 - Level 3.0 Throwing
 - Level 6.7(9.4) Dodging
 - Level 1.0(2.5) Stealth
 + Level 7.9(10.5) Shields
 + Level 14.4 Unarmed Combat
 - Level 2.8 Spellcasting
 - Level 0.6(1.8) Conjurations
 - Level 3.6(6.0) Charms
 - Level 7.0(9.7) Summonings
 - Level 1.1(2.7) Necromancy
 - Level 6.2(8.9) Ice Magic
 - Level 5.7(8.4) Evocations


You had 2 spell levels left.
You knew the following spells:

 Your Spells              Type           Power        Failure   Level  Hunger
a - Freeze                Ice            ####         1%          1    #......
b - Ozocubu's Armour      Chrm/Ice       ###.....     3%          3    ###....
c - Throw Frost           Conj/Ice       ###...       3%          2    ##.....
d - Summon Ice Beast      Ice/Summ       ####....     4%          4    #####..
e - Regeneration          Chrm/Necr      ###.......   11%         3    ###....
f - Mephitic Cloud        Conj/Pois/Air  #.......     41%         3    ###....

Your spell library contained the following spells:

 Spells                   Type           Power        Failure   Level  Hunger
 Infusion                 Chrm           ###.         1%          1    #......
 Song of Slaying          Chrm           ###.....     2%          2    ##.....
 Animate Skeleton         Necr           N/A          7%          1    #......
 Pain                     Necr           ##..         7%          1    #......
 Shroud of Golubria       Chrm/Tloc      ##........   9%          2    ##.....
 Magic Dart               Conj           #...         10%         1    #......
 Sting                    Conj/Pois      #...         14%         1    #......
 Searing Ray              Conj           #.....       16%         2    ##.....
 Beastly Appendage        Tmut           #.....       19%         1    #......
 Corona                   Hex            #......      19%         1    #......
 Poisonous Vapours        Pois/Air       #.....       26%         2    ##.....
 Slow                     Hex            #.......     26%         2    ##.....
 Sticks to Snakes         Tmut           #.......     26%         2    ##.....
 Spectral Weapon          Hex/Chrm       ##......     16%         3    ###....
 Vampiric Draining        Necr           ##........   21%         3    ###....
 Throw Icicle             Conj/Ice       ###.....     22%         4    #####..
 Ice Form                 Ice/Tmut       ###.....     30%         4    #####..
 Dazzling Spray           Conj/Hex       #.....       36%         3    ###....
 Inner Flame              Hex/Fire       #.......     45%         3    ###....
 Portal Projectile        Hex/Tloc       #.....       45%         3    ###....
 Spider Form              Tmut/Pois      #.........   45%         3    ###....
 Animate Dead             Necr           N/A          52%         4    #####..
 Ozocubu's Refrigeration  Ice            ####......   58%         6    #######
 Metabolic Englaciation   Hex/Ice        ###.......   61%         5    ######.
 Iskenderun's Mystic Bla  Conj           #.......     65%         4    #####..
 Fulminant Prism          Conj/Hex       #.........   75%         4    #####..
 Force Lance              Conj/Tloc      #.......     77%         4    #####..
 Cause Fear               Hex            #.........   86%         4    #####..
 Leda's Liquefaction      Hex/Erth       #.........   86%         4    #####..
 Olgreb's Toxic Radiance  Pois           #.......     86%         4    #####..
 Simulacrum               Ice/Necr       ###.......   94%         6    #######
 Bolt of Cold             Conj/Ice       ###.......   96%         6    #######
 Venom Bolt               Conj/Pois      #.........   97%         5    ######.
 Blade Hands              Tmut           #.........   99%         5    ######.
 Freezing Cloud           Conj/Ice/Air   ##........   99%         6    #######


Dungeon Overview and Level Annotations

Branches:
Dungeon (12/15)            Temple (0/1) D:5            Lair (6/6) D:8
 Shoals (0/4) Lair:2       Spider (2/4) Lair:2        Slime (0/5) Lair:5
    Orc (2/2) D:12            Elf (0/3) Orc:2

Altars:
Ashenzari
Cheibriados
Dithmenos
Fedhas
Gozag
Hepliaklqana
Makhleb
Nemelex Xobeh
Ru
Sif Muna
Vehumet
Wu Jian
Xom
Zin
Jiyva

Shops:
D:7 [   D:8 ?([   D:9 *   D:10 (

Annotations:
Lair:1 1 runed translucent door, kaladindcss's ghost, journeyman TrMo
Lair:5 1 runed translucent door
Lair:6 3 runed translucent doors, exclusion: dire elephant, suvakkihuora's ghost, journeyman FoGl
Spider:1 exclusion: entropy weaver
Orc:2 Saint Roka


Innate Abilities, Weirdness & Mutations

You are too large for most types of armour.
You have claws for hands.
Your metabolism is lightning-fast.
You like to eat raw meat.
Your natural rate of healing is unusually fast.
You are covered in fur. (AC +1)
You have extremely tough skin. (AC +3)


Message History

You block the jumping spider's attack. x2; The jumping spider leaps!
You block the jumping spider's attack.
The jumping spider completely misses you.
You block the jumping spider's attack.
The jumping spider bites you but does no damage.
You closely miss the jumping spider.
The jumping spider is heavily wounded.
You feel sick.
The jumping spider leaps!
The jumping spider pounces on you.
* * * LOW HITPOINT WARNING * * *
You block the jumping spider's attack. The jumping spider pounces on you!
* * * LOW HITPOINT WARNING * * *
You are caught in a web!
The jumping spider bites you but does no damage.
The jumping spider leaps!
You feel better. The jumping spider pounces on you.
* * * LOW HITPOINT WARNING * * *
The jumping spider bites you.
* * * LOW HITPOINT WARNING * * *
The jumping spider pounces on you!
You die...

**,** ####### ####### *,,,**
##..^#.####.#.#.### *,,,,****
#......##..#....... *,,,***,***
*#..#....###....... ,*,*##....#**
**#^..### #.......
*,,,........#** ##.## ##......
**,**......#..#####..#***#.......
*,,**,#....#*#.^.#.##...##.......
,,,**,*#..s##*##@s##*####.#......
**,,,,*#^...###s#### #.####.^.
***.,,**#...#..s...# *** ####
*,,....##..........# #######
,,,.........°Y.....# ##....##
,,,.....##...○.....#* #......#
,,,....,*#........#.# ***#......^
,,,..,,,,#.s......#.#**,*#......#
,,,,,,,,,#.......##,.,,,*##....##


You could see 4 jumping spiders and a friendly ice beast.

Vanquished Creatures
  An Ice Fiend (IceCv)
  A spark wasp (Spider:1)
  A fire dragon (Lair:6)
  Erica (Lair:1)
  2 two-headed ogres
  A death yak (Lair:2)
  2 hell hogs (Volcano)
  A fire crab (Lair:4)
  2 unseen horrors
  An orc knight (Orc:1)
  An orb spider (Spider:1)
  A necromancer (D:10)
  An ugly thing (D:12)
  2 wolf spiders
  2 orc sorcerers
  4 moths of wrath
  A cyclops (D:11)
  2 elephants (Lair:5)
  4 black mambas
  2 ice statues
  6 spiny frogs
  5 centaur skeletons (D:10)
  A torpor snail (Lair:2)
  4 komodo dragons
  3 freezing wraiths (IceCv)
  2 rime drakes (Lair:6)
  4 ice devils (IceCv)
  4 anaconda simulacra (IceCv)
  3 demonic crawlers (Spider:1)
  A golden dragon simulacrum (IceCv)
  A queen bee (Lair:5)
  9 jumping spiders
  A polar bear (Lair:6)
  A troll (Orc:1)
  A meliai (Lair:5)
  10 blink frogs
  7 dream sheep
  A snapping turtle (Lair:2)
  Sigmund (D:3)
  6 hippogriffs
  4 flying skulls (D:10)
  3 tarantellas (Spider:1)
  20 redbacks
  5 wraiths
  A dire elephant simulacrum (IceCv)
  3 shadows (D:10)
  A wyvern (D:12)
  16 yaks
  A basilisk (Lair:3)
  5 harpy simulacra (IceCv)
  3 iron troll simulacra (IceCv)
  6 wargs
  2 death yak simulacra (IceCv)
  A hydra simulacrum (IceCv)
  3 acid dragons
  10 water moccasins
  A hell hound (Volcano)
  4 porcupines
  3 ice beasts
  15 orc warriors
  4 black bears
  2 phantoms
  An eye of draining (D:12)
  9 ogres
  7 wolves
  9 centaurs
  13 crocodiles
  2 big kobolds
  12 bullfrogs
  A wyvern zombie (D:10)
  3 wyvern skeletons
  27 killer bees
  2 scorpions
  4 wights
  4 electric eels
  6 howler monkeys
  3 crimson imps
  4 centaur zombies
  A quasit (D:9)
  2 bullfrog zombies
  A jelly (D:5)
  2 bullfrog skeletons
  13 orc priests
  5 hounds
  19 orc wizards
  A draconian simulacrum (IceCv)
  Jessica (D:9)
  3 iguanas
  3 worker ants
  4 hell rats (Lair:6)
  2 spriggan simulacra (IceCv)
  A polar bear simulacrum (IceCv)
  A killer bee zombie (D:9)
  A wolf simulacrum (IceCv)
  3 centaur simulacra (IceCv)
  2 hound zombies
  A hound skeleton (D:10)
  A howler monkey zombie (D:10)
  4 gnolls (D:9)
  A howler monkey skeleton (D:9)
  18 adders
  2 naga simulacra (IceCv)
  4 ogre simulacra (IceCv)
  5 shadow imps
  7 white imps (IceCv)
  2 ufetubi (IceCv)
  4 oozes
  An adder zombie (D:9)
  3 worms (D:3)
  A dart slug (D:3)
  5 leopard geckos
  71 orcs
  3 giant cockroaches
  6 goblins
  8 hobgoblins
  20 jackals
  21 kobolds
  2 quokkas
  2 ball pythons (D:2)
  A ball python skeleton (D:6)
  4 bats
  7 frilled lizards
  A giant cockroach zombie (D:6)
  A quokka zombie (D:6)
  3 rats
  2 fungi (Lair:6)
  A plant (Lair:2)
601 creatures vanquished.

Vanquished Creatures (collateral kills)
  A hydra (D:11)
  A death yak (Lair:2)
  A skeletal warrior (D:8)
  A swamp dragon (Lair:6)
  3 orb spiders (Spider:1)
  6 wolf spiders
  A manticore (D:11)
  An elephant (Lair:5)
  2 black mambas
  3 spiny frogs
  A rime drake (Lair:6)
  A komodo dragon (Lair:1)
  A jumping spider (Spider:1)
  A hornet (D:9)
  3 dream sheep (Lair:4)
  A hippogriff (Lair:6)
  9 blink frogs
  2 redbacks (Spider:1)
  A wyvern (Lair:3)
  4 tarantellas (Spider:1)
  7 yaks
  A steam dragon (Lair:6)
  2 porcupines (Lair:1)
  2 swamp drakes (Lair:6)
  An ogre (D:11)
  6 wolves
  2 centaurs (D:12)
  3 killer bees
  A bullfrog zombie (D:12)
  3 orcs (D:10)
  2 fungi
  A plant (Lair:6)
75 creatures vanquished.

Vanquished Creatures (others)
  A two-headed ogre (Volcano)
  A lindwurm (Volcano)
  A jumping spider (Spider:1)
  2 meliai (Lair:5)
  A centaur (Volcano)
  A crocodile (Lair:5)
  5 white imps (IceCv)
  4 ufetubi (IceCv)
  24 fungi
  13 plants
53 creatures vanquished.

Grand Total: 729 creatures vanquished

Notes
Turn   | Place    | Note
-------+----------+-------------------------------------------
     0 | D:1      | Avack the Troll Ice Elementalist began the quest for the
                  | Orb.
     0 | D:1      | Reached XP level 1. HP: 16/16 MP: 1/1
   155 | D:1      | Reached XP level 2. HP: 22/24 MP: 2/2
   548 | D:1      | Reached XP level 3. HP: 31/31 MP: 3/3
   638 | D:1      | Learned a level 3 spell: Ozocubu's Armour
  1279 | D:2      | Found a sacrificial altar of Ru.
  1281 | D:2      | Found a radiant altar of Vehumet.
  1281 | D:2      | Found a shattered altar of Ashenzari.
  1281 | D:2      | Found a snail-covered altar of Cheibriados.
  1282 | D:2      | Found a burning altar of Makhleb.
  1309 | D:2      | Became a worshipper of Ashenzari the Shackled
  1404 | D:2      | Reached skill level 1 in Charms
  1478 | D:2      | Reached XP level 4. HP: 39/39 MP: 4/4
  1641 | D:2      | Found a sparkling altar of Nemelex Xobeh.
  1728 | D:3      | Noticed Sigmund
  1978 | D:3      | Reached XP level 5. HP: 43/45 MP: 2/5
  1982 | D:3      | Learned a level 2 spell: Throw Frost
  2102 | D:3      | Killed Sigmund
  2102 | D:3      | Reached XP level 6. HP: 46/53 MP: 1/6
  2342 | D:3      | Reached * piety under Ashenzari
  2962 | D:4      | Reached skill level 2 in Unarmed Combat
  2962 | D:4      | Reached XP level 7. HP: 49/59 MP: 7/7
  3077 | D:4      | Found an opulent altar of Gozag.
  3078 | D:4      | Found a glowing silver altar of Zin.
  3434 | D:4      | Reached skill level 3 in Unarmed Combat
  3737 | D:5      | Entered Level 5 of the Dungeon
  3822 | D:5      | Found a shadowy altar of Dithmenos.
  3822 | D:5      | Found a blossoming altar of Fedhas.
  3883 | D:5      | Reached skill level 4 in Unarmed Combat
  3944 | D:5      | Reached skill level 5 in Unarmed Combat
  3989 | D:5      | Found a staircase to the Ecumenical Temple.
  4377 | D:5      | Reached XP level 8. HP: 62/67 MP: 1/8
  4448 | D:5      | Reached skill level 6 in Unarmed Combat
  4889 | D:6      | Found an ornate altar of the Wu Jian Council.
  4995 | D:6      | Reached skill level 7 in Unarmed Combat
  5346 | D:7      | Reached ** piety under Ashenzari
  5426 | D:7      | Noticed a hippogriff
  5436 | D:7      | Killed a hippogriff
  5436 | D:7      | Reached skill level 8 in Unarmed Combat
  5577 | D:7      | Found Ybboy's Armour Shop.
  5590 | D:7      | Reached skill level 9 in Unarmed Combat
  6200 | D:8      | Reached XP level 9. HP: 59/74 MP: 9/9
  6315 | D:8      | Found Reoh's Armour Boutique.
  6443 | D:8      | Found Houmeos's Magic Scroll Emporium.
  6592 | D:8      | Reached skill level 10 in Unarmed Combat
  6601 | D:8      | Learned a level 4 spell: Summon Ice Beast
  6700 | D:8      | Reached skill level 1 in Summonings
  6806 | D:8      | Found a staircase to the Lair.
  7224 | D:8      | Found Gerhuis's Antique Weapon Emporium.
  7822 | D:9      | Reached XP level 10. HP: 60/81 MP: 10/13
  7861 | D:9      | Learned a level 3 spell: Regeneration
  7865 | D:9      | Found Kesinurph's Assorted Antiques.
  8148 | D:9      | Found a hazy altar of Hepliaklqana.
  8316 | D:10     | Entered Level 10 of the Dungeon
  8331 | D:10     | Reached skill level 5 in Ice Magic
  8448 | D:10     | Reached skill level 5 in Summonings
  8473 | D:10     | Noticed a skeletal warrior
  8615 | Lair:1   | Entered Level 1 of the Lair of Beasts
  8912 | Lair:1   | Noticed Erica
  8921 | Lair:1   | Killed Erica
  9374 | D:8      | Bought the +3 robe of Clouds {+Thunder rCloud rElec} for
                  | 445 gold pieces
  9374 | D:8      | Found the +3 robe of Clouds {+Thunder rCloud rElec}
  9555 | Lair:1   | Reached XP level 11. HP: 61/88 MP: 1/14
  9571 | Lair:1   | Reached skill level 1 in Necromancy
  9703 | Lair:1   | Found a runed translucent door.
  9704 | Lair:1   | Found a shimmering altar of Xom.
  9704 | Lair:1   | Noticed kaladindcss's ghost (journeyman TrMo)
  9705 | Lair:1   | Noticed a +0 flail of chaos
  9812 | Lair:1   | Reached skill level 1 in Fighting
 10549 | Lair:2   | Found a dark tunnel.
 10560 | Volcano  | Entered a volcano
 10616 | Volcano  | Noticed a two-headed ogre
 10621 | Volcano  | Killed a two-headed ogre
 10621 | Volcano  | Noticed a hell hog
 10631 | Volcano  | Killed a hell hog
 10655 | Volcano  | Killed a lindwurm
 10685 | Volcano  | Killed a two-headed ogre
 10743 | Volcano  | Noticed a hell hog
 10762 | Volcano  | Killed a hell hog
 11704 | Lair:2   | Identified the cursed +1 robe of Cowardice {*Contam rElec
                  | Str+6 Int+3}
 11775 | Lair:2   | Reached skill level 5 in Dodging
 12104 | Lair:2   | Noticed a death yak
 12104 | Lair:2   | Noticed a death yak
 12121 | Lair:2   | Killed a death yak
 12243 | Lair:2   | Killed a death yak
 12243 | Lair:2   | Reached skill level 5 in Fighting
 12536 | Lair:3   | Found a gate leading to a gauntlet.
 12546 | Gauntlet | Entered a Gauntlet
 12546 | Gauntlet | Found a transporter.
 12546 | Gauntlet | Found a transporter.
 12587 | Gauntlet | Found a transporter.
 12602 | Gauntlet | Found a transporter.
 12610 | Gauntlet | Reached *** piety under Ashenzari
 12630 | Gauntlet | Found a transporter.
 12633 | Gauntlet | Found a transporter.
 12649 | Gauntlet | Found a transporter.
 12650 | Gauntlet | Identified the +2 scale mail "Cieh" {rElec rF- rN+}
 12718 | Gauntlet | Found a transporter.
 12731 | Gauntlet | Found a transporter.
 12749 | Gauntlet | Found a transporter.
 12761 | Gauntlet | Found a transporter.
 12777 | Gauntlet | Found a transporter.
 12778 | Gauntlet | Found the +2 cloak of the Thief {+Fog Slay-2 SInv Stlth+}
 12848 | Gauntlet | Found a transporter.
 12849 | Gauntlet | Found a transporter.
 12857 | Gauntlet | Noticed a death ooze
 12858 | Gauntlet | Found a transporter.
 12863 | Gauntlet | Found a transporter.
 12865 | Gauntlet | Noticed a death ooze
 12867 | Gauntlet | Identified the ring "Iryol" {Fire rElec rPois Int+4}
 13115 | Lair:3   | Reached XP level 12. HP: 84/113 MP: 4/15
 13338 | Lair:3   | Reached **** piety under Ashenzari
 13846 | Lair:4   | Reached skill level 1 in Evocations
 14012 | Lair:4   | Identified the +1 leather armour of Absolutism {MR+ Stlth+}
 14916 | Lair:5   | Reached skill level 5 in Evocations
 15286 | Lair:5   | Reached ***** piety under Ashenzari
 15584 | Lair:5   | Reached skill level 11 in Unarmed Combat
 16017 | Lair:5   | Found a runed translucent door.
 16018 | Lair:5   | Found a viscous altar of Jiyva.
 16020 | Lair:5   | Found a staircase to the Slime Pits.
 16020 | Lair:5   | Noticed an acid blob
 16477 | Lair:6   | Entered Level 6 of the Lair of Beasts
 16780 | Lair:6   | Noticed a death yak
 16780 | Lair:6   | Noticed a dire elephant
 16780 | Lair:6   | Noticed a catoblepas
 16839 | Lair:6   | Found a runed translucent gate.
 16839 | Lair:6   | Found a runed translucent gate.
 16839 | Lair:6   | Found a runed translucent gate.
 16840 | Lair:6   | Noticed suvakkihuora's ghost (journeyman FoGl)
 16882 | Lair:6   | Reached skill level 12 in Unarmed Combat
 17050 | Lair:6   | Reached XP level 13. HP: 110/120 MP: 6/16
 17114 | Lair:6   | Noticed a dire elephant
 17544 | Lair:6   | Noticed a fire dragon
 17710 | Lair:6   | Killed a fire dragon
 17870 | Lair:6   | Learned a level 3 spell: Mephitic Cloud
 18006 | Lair:6   | Identified the +1 steam dragon scales "Otoar" {Int+3}
 18034 | Lair:6   | Reached skill level 13 in Unarmed Combat
 18437 | D:9      | Noticed Jessica
 18449 | D:9      | Killed Jessica
 18452 | D:9      | Found a deep blue altar of Sif Muna.
 18748 | D:10     | Found Reblacua's Antique Weapon Emporium.
 19705 | D:10     | Reached skill level 14 in Unarmed Combat
 19896 | D:11     | Reached skill level 1 in Throwing
 20161 | D:11     | Identified the +5 ring mail of Cison {Dex+4}
 20335 | D:11     | Identified the ring "Heanas" {Str+4 SInv}
 21319 | D:12     | Found a staircase to the Orcish Mines.
 21713 | D:7      | Bought the +4 large shield "Bolyq" {rC+ rN+ MR+ Dex+3} for
                  | 873 gold pieces
 21819 | Orc:1    | Entered Level 1 of the Orcish Mines
 21869 | Orc:1    | Reached skill level 1 in Shields
 22097 | Orc:2    | Entered Level 2 of the Orcish Mines
 22211 | Orc:2    | Paralysed by an orc sorcerer for 3 turns
 22448 | Orc:2    | Noticed Saint Roka
 23356 | Lair:2   | Found a hole to the Spider Nest.
 23367 | Spider:1 | Entered Level 1 of the Spider Nest
 23666 | Lair:2   | Found a staircase to the Shoals.
 23806 | Spider:1 | Reached XP level 14. HP: 131/131 MP: 6/17
 24034 | Spider:1 | Noticed an entropy weaver
 24653 | Spider:1 | Reached skill level 5 in Shields
 25386 | Spider:1 | Noticed an entropy weaver
 25747 | Spider:1 | Reached ****** piety under Ashenzari
 26248 | Spider:2 | Found a frozen archway.
 26294 | IceCv    | Entered an ice cave
 27009 | IceCv    | Noticed an Ice Fiend
 27423 | IceCv    | Killed an Ice Fiend
 27842 | Spider:2 | HP: 2/131 [jumping spider (15)]
 27843 | Spider:2 | Slain by a jumping spider

Levels and vault maps discovered:
D:1:      dpeg_arrival_rhombi, layout_basic
D:2:      layout_rooms, lemuel_coloured_pillars_altar,
          grunt_temple_overflow_open
D:3:      layout_loops_ring, uniq_sigmund
D:4:      layout_loops_corners, grunt_temple_overflow_gold_and_silver,
          first_ration
D:5:      layout_gridville, gammafunk_temple_overflow_elements, temple_statues
D:6:      layout_gridville, lemuel_doored_altar, serial_undead, serial_undead_b,
          serial_undead_c, serial_undead_d, serial_undead_c
D:7:      layout_basic, serial_shops, shop
D:8:      layout_loops_ring, erik_lair_orcish_takeover, serial_shops,
          shop_statue, kennysheep_mini_moat, kennysheep_little_box
D:9:      layout_irregular_city, marbit_many_paths, tgw_sif, serial_shops,
          nicolae_shop_overgrown_old_shop, grunt_ogre_cave,
          nicolae_straight_to_the_point
D:10:     hangedman_screamer, layout_irregular_city, serial_shops, shop,
          minmay_diced_spiral
D:11:     layout_big_octagon
D:12:     layout_cave_pods, hiddenorc1_lemuel
Lair:1:   layout_small_grid, ebering_ghost_xom, st_stairs_7,
          serial_bayou_ford_a, uniq_erica
Lair:2:   layout_roguey, minmay_shoals_entry_hut, spider_nest_entry_a,
          lightli_volcano_entry_magma_tube, fungi_pond_lemuel,
          chequers_serial_rivers_large_a
Lair:3:   layout_cave_pods, gauntlet_entry_generic
Lair:4:   layout_gridlike
Lair:5:   layout_layer_cave, slime_altar_2, special_room [special_room_bee],
          grunt_megastairs_4
Lair:6:   guppyfry_lair_end_dragon, layout_regular_city,
          hangedman_lair_in_review, gammafunk_ghost_necromancy,
          infiniplex_staircase_pool
Spider:1: layout_spider_delve
Spider:2: layout_chambers, portal_ice_cave_entry_ice_statue_one,
          nicolae_spider_cling_ruins
Orc:1:    layout_caves
Orc:2:    grunt_orc_cross, layout_caves, basic_altar

Skill      XL: |  1  2  3  4  5  6  7  8  9 10 11 12 13 14 |
---------------+-------------------------------------------+-----
Ice Magic      | 3 4 6 |  6.2
Charms         | 1 2 3 |  3.6
Unarmed Combat | 2 5 9 10 12 14 | 14.4
Summonings     | 4 7 |  7.0
Spellcasting   | 2 |  2.8
Necromancy     | 1 |  1.1
Fighting       | 5 6 |  6.4
Dodging        | 6 |  6.7
Evocations     | 5 |  5.7
Throwing       | 3 |  3.0
Shields        | 3 7 |  7.9
Maces & Flails | 2 |  2.7
Stealth        | |  1.0
Conjurations   | |  0.6

Action                   |  1- 3 |  4- 6 |  7- 9 | 10-12 | 13-15 || total
-------------------------+-------+-------+-------+-------+-------++-------
Melee: Unarmed           |   103 |   245 |   342 |   656 |   950 ||  2296
       Punch             |       |       |     8 |    29 |    33 ||    70
       Staff             |       |       |       |     1 |       ||     1
       Great mace        |       |       |       |       |     2 ||     2
Throw: Stone             |     2 |       |       |       |       ||     2
       Boomerang         |     3 |    20 |    22 |     9 |     7 ||    61
       Dart              |       |       |    15 |     5 |    37 ||    57
       Large rock        |       |       |       |       |     9 ||     9
       Javelin           |       |       |       |       |     7 ||     7
 Cast: Freeze            |     5 |     6 |    16 |    12 |       ||    39
       Ozocubu's Armour  |     1 |     7 |    23 |    22 |     6 ||    59
       Throw Frost       |       |     4 |    15 |    18 |     6 ||    43
       Summon Ice Beast  |       |       |     3 |    80 |    79 ||   162
       Regeneration      |       |       |       |     3 |    14 ||    17
       Mephitic Cloud    |       |       |       |       |    26 ||    26
Invok: Curse Item        |       |       |       |     4 |     1 ||     5
       Scrying           |       |       |       |     1 |     2 ||     3
 Abil: Evoke Thunderclou |       |       |       |     8 |    11 ||    19
Evoke: Wand              |       |       |     4 |     8 |    18 ||    30
  Use: Scroll            |     6 |     2 |     9 |    18 |    13 ||    48
       Potion            |       |     1 |       |     1 |     6 ||     8
 Stab: Sleeping          |       |     2 |     3 |     1 |     4 ||    10
       Distracted        |       |       |       |     1 |     9 ||    10
       Confused          |       |       |       |       |     5 ||     5
  Eat: Chunk             |    20 |    16 |    49 |   111 |    90 ||   286
       Ration            |       |       |       |       |     9 ||     9
Armor: Robe              |    58 |   103 |   127 |   254 |   273 ||   815
Dodge: Dodged            |    74 |   149 |   161 |   532 |   650 ||  1566
Block: Large shield      |       |       |       |       |   419 ||   419

Table legend:
 A = Non-vault XP
 B = Vault XP
 C = Vault XP percentage of total XP
 D = Non-vault monster count
 E = Vault monster count
 F = Vault count percentage of total count
                 A         B        C        D         E       F
            +---------+---------+-------+---------+---------+-------
      Total |   57434 |   32122 |  35.9 |     481 |     190 |  28.3
            +---------+---------+-------+---------+---------+-------
        D:1 |      45 |       0 |   0.0 |      18 |       0 |   0.0
        D:2 |      70 |       0 |   0.0 |      23 |       0 |   0.0
        D:3 |     194 |     238 |  55.1 |      32 |       1 |   3.0
        D:4 |     458 |       0 |   0.0 |      11 |       0 |   0.0
        D:5 |     540 |       0 |   0.0 |      11 |       0 |   0.0
        D:6 |     255 |      70 |  21.5 |      13 |       5 |  27.8
        D:7 |    1027 |       0 |   0.0 |      27 |       0 |   0.0
        D:8 |     731 |    1674 |  69.6 |      11 |      12 |  52.2
        D:9 |    2837 |     330 |  10.4 |      43 |       4 |   8.5
       D:10 |    1408 |    5470 |  79.5 |      26 |      30 |  53.6
       D:11 |    2055 |       0 |   0.0 |      21 |       0 |   0.0
       D:12 |    5253 |     172 |   3.2 |      46 |      17 |  27.0
     Lair:1 |    2839 |    1068 |  27.3 |      19 |       3 |  13.6
     Lair:2 |    5405 |    1091 |  16.8 |      25 |       4 |  13.8
     Lair:3 |    1643 |       0 |   0.0 |       9 |       0 |   0.0
     Lair:4 |    3951 |       0 |   0.0 |      18 |       0 |   0.0
     Lair:5 |    5317 |    2701 |  33.7 |      21 |      28 |  57.1
     Lair:6 |    6127 |    3474 |  36.2 |      33 |      13 |  28.3
   Spider:1 |   13533 |       0 |   0.0 |      51 |       0 |   0.0
   Spider:2 |    2050 |     461 |  18.4 |       5 |       1 |  16.7
      Orc:1 |    1656 |    1846 |  52.7 |      17 |      11 |  39.3
      Orc:2 |      40 |     661 |  94.3 |       1 |       6 |  85.7
      IceCv |       0 |   10096 | 100.0 |       0 |      49 | 100.0
    Volcano |       0 |    2770 | 100.0 |       0 |       6 | 100.0
            +---------+---------+-------+---------+---------+-------
